FSL
TAMPA PIRATES @ ST. PETERSBURG SAINTS
07/17/1982
 
TOP OF THE 1ST
Tampa Pirates batting - Pitching for St. Petersburg Saints : LHP Gregory Coughlin
Pitching: LHP Gregory Coughlin
Batting: SHB Craig Smajstrla 0-0: Foul Ball, location: 2F
0-1: Called Strike
0-2: Ground out 6-3 (Groundball, 6S, EV 85.6 MPH)
Batting: RHB Erwin Bryant 0-0: Called Strike
0-1: Ball
1-1: Fly out, F8 (Flyball, 8LD, EV 88.1 MPH)
Batting: LHB Pedro Nunez 0-0: Swinging Strike
0-1: DOUBLE (Groundball, 5L, EV 101.9 MPH)
Batting: RHB Gregory Norman 0-0: Ball
1-0: Swinging Strike
1-1: Foul Ball, location: 2F
1-2: Foul Ball, location: 2F
1-2: Foul Ball, location: 2F
1-2: Strikes out swinging
Top of the 1st over - 0 runs, 1 hit, 0 errors, 1 left on base; Tampa 0 - St. Petersburg 0
BOTTOM OF THE 1ST
St. Petersburg Saints batting - Pitching for Tampa Pirates : RHP Albert Ervey
Pitching: RHP Albert Ervey
Batting: RHB Pablo Carballo 0-0: Ball
1-0: Ground out 6-3 (Groundball, 6, EV 80.6 MPH)
Batting: LHB Al Leboeuf 0-0: Ball
1-0: Ball
2-0: Ball
3-0: Called Strike
3-1: Called Strike
3-2: DOUBLE (Flyball, 8LXD, EV 104.4 MPH)
Batting: LHB Terry Blocker 0-0: Ball
1-0: Foul Ball, location: 2F
1-1: DOUBLE (Line Drive, 7LS, EV 107.5 MPH)
Al Leboeuf scores
Batting: RHB Rock Coyle 0-0: Ball
1-0: Ball
2-0: Called Strike
2-1: SINGLE (Flyball, 78S, EV 88.1 MPH)
Terry Blocker to third
Batting: RHB Ric Despaux 0-0: Called Strike
0-1: Ball
1-1: Ball
Rock Coyle is caught stealing 2nd base 2-4
2-1: Swinging Strike
2-2: Fly out, F5 (Flyball, 56D, EV 93.1 MPH)
Bottom of the 1st over - 1 run, 3 hits, 0 errors, 1 left on base; Tampa 0 - St. Petersburg 1
TOP OF THE 2ND
Tampa Pirates batting - Pitching for St. Petersburg Saints : LHP Gregory Coughlin
Batting: LHB David Frederick 0-0: Called Strike
0-1: Swinging Strike
0-2: Foul Ball, location: 2F
0-2: Ground out 1-3 (Groundball, 34S, EV 75.6 MPH)
Batting: RHB Jason Porter 0-0: Called Strike
0-1: Ball
1-1: Called Strike
1-2: Strikes out swinging
Batting: LHB Alfredo Rodriguez 0-0: Swinging Strike
0-1: Foul Ball, location: 2F
0-2: Ball
1-2: Foul Ball, location: 2F
1-2: Strikes out swinging
Top of the 2nd over - 0 runs, 0 hits, 0 errors, 0 left on base; Tampa 0 - St. Petersburg 1
BOTTOM OF THE 2ND
St. Petersburg Saints batting - Pitching for Tampa Pirates : RHP Albert Ervey
Batting: RHB Dave Clements 0-0: Called Strike
0-1: Ground out U3 (Groundball, 34S, EV 76.9 MPH)
Batting: RHB Randy Ingle 0-0: SINGLE (Line Drive, 78M, EV 106.3 MPH)
Batting: RHB Roberto Alvarez 0-0: Ball
1-0: Ball
2-0: Called Strike
2-1: DOUBLE (Line Drive, 78D, EV 101.3 MPH)
Randy Ingle to third
Runner from 3rd tries for Home, SAFE, no throw by CF
Batting: RHB Francisco Escalera 0-0: Ball
1-0: Ball
2-0: Called Strike
2-1: Foul Ball, location: 2F
2-2: DOUBLE (Line Drive, 78M, EV 103.8 MPH)
Roberto Alvarez scores
Batting: RHB Pablo Carballo 0-0: Fly out, F9 (Flyball, 89D, EV 90.0 MPH)
Runner from 2nd tags up, SAFE at 3rd, no throw by RF
Batting: LHB Al Leboeuf 0-0: Called Strike
0-1: SINGLE (Groundball, 6MD, EV 95.0 MPH)
Francisco Escalera scores
Batting: LHB Terry Blocker 0-0: Called Strike
0-1: Called Strike
0-2: Ball
1-2: DOUBLE (Flyball, 78D, EV 100.6 MPH)
Al Leboeuf to third
Runner from 3rd tries for Home, SAFE, throw by LF to home
Batting: RHB Rock Coyle 0-0: Foul Ball, location: 2F
0-1: Fly out, F9 (Flyball, 9LS, EV 85.0 MPH)
Bottom of the 2nd over - 4 runs, 5 hits, 0 errors, 1 left on base; Tampa 0 - St. Petersburg 5
TOP OF THE 3RD
Tampa Pirates batting - Pitching for St. Petersburg Saints : LHP Gregory Coughlin
Batting: RHB Steven Young 0-0: Ball
1-0: Called Strike
1-1: Called Strike
1-2: Ball
2-2: Ball
3-2: Foul Ball, location: 2F
3-2: Strikes out swinging
Batting: RHB Roy Dixon 0-0: Ball
1-0: SINGLE (Line Drive, 3D, EV 95.6 MPH)
Batting: SHB Craig Smajstrla 0-0: DOUBLE (Line Drive, 5D, EV 102.5 MPH)
Roy Dixon to third
Runner from 3rd tries for Home, SAFE, throw by LF to trailing runner, OUT at third! 7-6-5
Batting: RHB Erwin Bryant 0-0: Ball
1-0: Foul Ball, location: 2F
1-1: Ball
2-1: Foul Ball, location: 2F
2-2: Foul Ball, location: 2F
2-2: Foul Ball, location: 2F
2-2: Ground out 5-3 (Groundball, 5S, EV 71.3 MPH)
Top of the 3rd over - 1 run, 2 hits, 0 errors, 0 left on base; Tampa 1 - St. Petersburg 5
BOTTOM OF THE 3RD
St. Petersburg Saints batting - Pitching for Tampa Pirates : RHP Albert Ervey
Batting: RHB Ric Despaux 0-0: Ball
1-0: Called Strike
1-1: Foul Ball, location: 2F
1-2: Ball
2-2: Fly out, F3 (Line Drive, 3, EV 63.1 MPH)
Batting: RHB Dave Clements 0-0: Ball
1-0: Called Strike
1-1: Ball
2-1: Swinging Strike
2-2: SINGLE (Groundball, 56D, EV 111.9 MPH)
Batting: RHB Randy Ingle 0-0: Swinging Strike
0-1: Ball
1-1: Ball
2-1: Fielders Choice at 2nd, 6-4 (Groundball, 6, EV 80.0 MPH)
Batting: RHB Roberto Alvarez 0-0: DOUBLE (Groundball, 5L, EV 106.9 MPH)
Randy Ingle to third
Runner from 3rd tries for Home, SAFE, throw by LF to home
Batting: RHB Francisco Escalera 0-0: Ball
1-0: Ball
2-0: Called Strike
2-1: Fly out, F8 (Flyball, 89D, EV 103.8 MPH)
Bottom of the 3rd over - 1 run, 2 hits, 0 errors, 1 left on base; Tampa 1 - St. Petersburg 6
TOP OF THE 4TH
Tampa Pirates batting - Pitching for St. Petersburg Saints : LHP Gregory Coughlin
Batting: LHB Pedro Nunez 0-0: Swinging Strike
0-1: SINGLE (Groundball, 4D, EV 97.5 MPH)
Batting: RHB Gregory Norman 0-0: Called Strike
0-1: Fly out, F7 (Flyball, 78M, EV 93.1 MPH)
Batting: LHB David Frederick 0-0: Ball
1-0: Foul Ball, location: 2F
1-1: Ball
2-1: Foul Ball, location: 2F
2-2: Fly out, F8 (Flyball, 8RD, EV 86.3 MPH)
Batting: RHB Jason Porter 0-0: Called Strike
0-1: Fly out, F7 (Flyball, 7D, EV 106.3 MPH)
Top of the 4th over - 0 runs, 1 hit, 0 errors, 1 left on base; Tampa 1 - St. Petersburg 6
BOTTOM OF THE 4TH
St. Petersburg Saints batting - Pitching for Tampa Pirates : RHP Albert Ervey
Batting: RHB Pablo Carballo 0-0: Called Strike
0-1: Ball
1-1: Called Strike
1-2: Foul Ball, location: 2F
1-2: Ball
2-2: Ball
3-2: Strikes out swinging
Batting: LHB Al Leboeuf 0-0: Ball
1-0: Ball
2-0: Called Strike
2-1: Fly out, F8 (Line Drive, 8RD, EV 97.5 MPH)
Batting: LHB Terry Blocker 0-0: Ball
1-0: Ball
2-0: Foul Ball, location: 2F
2-1: Ball
3-1: Base on Balls
Batting: RHB Rock Coyle 0-0: Swinging Strike
0-1: Ball
1-1: Fly out, F8 (Flyball, 8LM, EV 95.6 MPH)
Bottom of the 4th over - 0 runs, 0 hits, 0 errors, 1 left on base; Tampa 1 - St. Petersburg 6
TOP OF THE 5TH
Tampa Pirates batting - Pitching for St. Petersburg Saints : LHP Gregory Coughlin
Batting: LHB Alfredo Rodriguez 0-0: Foul Ball, location: 2F
0-1: Ball
1-1: Foul Ball, location: 2F
1-2: DOUBLE (Flyball, 8RXD, EV 100.6 MPH)
Batting: RHB Steven Young 0-0: Ball
1-0: Foul Ball, location: 2F
1-1: SINGLE (Line Drive, 8RS, EV 93.1 MPH)
Alfredo Rodriguez to third
Runner from 3rd tries for Home, SAFE, throw by CF to home
Batting: RHB Roy Dixon 0-0: Ball
1-0: Ball
2-0: Called Strike
2-1: Called Strike
2-2: Ball
3-2: Fly out, F3 (Popup, 3SF, EV 73.8 MPH)
Batting: SHB Craig Smajstrla 0-0: Ball
1-0: Fielders Choice at 2nd, 1-6 (Groundball, 13S, EV 71.3 MPH)
Batting: RHB Erwin Bryant 0-0: Ball
Wild Pitch!
Craig Smajstrla to second
1-0: Ball
2-0: Foul Ball, location: 2F
2-1: Fly out, F8 (Line Drive, 8LD, EV 93.8 MPH)
Top of the 5th over - 1 run, 2 hits, 0 errors, 1 left on base; Tampa 2 - St. Petersburg 6
BOTTOM OF THE 5TH
St. Petersburg Saints batting - Pitching for Tampa Pirates : RHP Albert Ervey
Batting: RHB Ric Despaux 0-0: Swinging Strike
0-1: Ball
1-1: Swinging Strike
1-2: Fly out, F7 (Flyball, 78M, EV 84.4 MPH)
Batting: RHB Dave Clements 0-0: Ball
1-0: Ball
2-0: Called Strike
2-1: Fly out, F8 (Line Drive, 8LD, EV 90.6 MPH)
Batting: RHB Randy Ingle 0-0: Fly out, F8 (Flyball, 8RD, EV 100.0 MPH)
Bottom of the 5th over - 0 runs, 0 hits, 0 errors, 0 left on base; Tampa 2 - St. Petersburg 6
TOP OF THE 6TH
Tampa Pirates batting - Pitching for St. Petersburg Saints : LHP Gregory Coughlin
Pitching: LHP James Haight
Batting: LHB Pedro Nunez 0-0: Called Strike
0-1: Foul Ball, location: 2F
0-2: Fly out, F8 (Flyball, 8RXD, EV 92.5 MPH)
Batting: RHB Gregory Norman 0-0: Foul Ball, location: 2F
0-1: Called Strike
0-2: Foul Ball, location: 2F
0-2: Ball
1-2: Foul Ball, location: 2F
1-2: Ball
2-2: Foul Ball, location: 2F
2-2: Strikes out swinging
Batting: LHB David Frederick 0-0: Ball
1-0: Called Strike
1-1: Foul Ball, location: 2F
1-2: Ball
2-2: Ball
3-2: Foul Ball, location: 2F
3-2: Ground out 6-3 (Groundball, 6, EV 81.3 MPH)
Top of the 6th over - 0 runs, 0 hits, 0 errors, 0 left on base; Tampa 2 - St. Petersburg 6
BOTTOM OF THE 6TH
St. Petersburg Saints batting - Pitching for Tampa Pirates : RHP Albert Ervey
Pitching: LHP Mark Riggins
Batting: RHB Roberto Alvarez 0-0: Foul Ball, location: 2F
0-1: Ground out 1-3 (Groundball, 13, EV 63.8 MPH)
Batting: RHB Francisco Escalera 0-0: Ball
1-0: Ball
2-0: Called Strike
2-1: Swinging Strike
2-2: Ground out 6-3 (Groundball, 56, EV 107.5 MPH)
Batting: RHB Pablo Carballo 0-0: Ball
1-0: Called Strike
1-1: Called Strike
1-2: Strikes out looking
Bottom of the 6th over - 0 runs, 0 hits, 0 errors, 0 left on base; Tampa 2 - St. Petersburg 6
TOP OF THE 7TH
Tampa Pirates batting - Pitching for St. Petersburg Saints : LHP James Haight
Pitching: RHP Michael Nedelisky
Batting: RHB Jason Porter 0-0: Foul Ball, location: 2F
0-1: Ground out 4-3 (Groundball, 4M, EV 110.0 MPH)
Batting: LHB Alfredo Rodriguez 0-0: Called Strike
0-1: Ball
1-1: Swinging Strike
1-2: Ball
2-2: Strikes out swinging
Batting: RHB Steven Young 0-0: Ball
1-0: Called Strike
1-1: Ball
2-1: Ball
3-1: Called Strike
3-2: Foul Ball, location: 2F
3-2: Foul Ball, location: 2F
3-2: Base on Balls
Batting: RHB Roy Dixon 0-0: Called Strike
0-1: Called Strike
0-2: Ground out 6-3 (Groundball, 56, EV 103.8 MPH)
Top of the 7th over - 0 runs, 0 hits, 0 errors, 1 left on base; Tampa 2 - St. Petersburg 6
BOTTOM OF THE 7TH
St. Petersburg Saints batting - Pitching for Tampa Pirates : LHP Mark Riggins
Batting: LHB Al Leboeuf 0-0: Swinging Strike
0-1: Ball
1-1: Called Strike
1-2: Foul Ball, location: 2F
1-2: Foul Ball, location: 2F
1-2: Strikes out looking
Batting: LHB Terry Blocker 0-0: Swinging Strike
0-1: Called Strike
0-2: Ball
1-2: Foul Ball, location: 2F
1-2: Foul Ball, location: 2F
1-2: Ball
2-2: Ball
3-2: Ground out 1-3 (Groundball, 13S, EV 73.8 MPH)
Batting: RHB Rock Coyle 0-0: Ball
1-0: Called Strike
1-1: DOUBLE (Line Drive, 78M, EV 95.0 MPH)
Batting: RHB Ric Despaux 0-0: Ball
1-0: Foul Ball, location: 2F
1-1: Ground out 5-3 (Groundball, 5, EV 85.6 MPH)
Bottom of the 7th over - 0 runs, 1 hit, 0 errors, 1 left on base; Tampa 2 - St. Petersburg 6
TOP OF THE 8TH
Tampa Pirates batting - Pitching for St. Petersburg Saints : RHP Michael Nedelisky
Batting: SHB Craig Smajstrla 0-0: Ball
1-0: Ball
2-0: Foul Ball, location: 2F
2-1: Ground out U3 (Groundball, 3L, EV 103.8 MPH)
Batting: RHB Erwin Bryant 0-0: Called Strike
0-1: Ball
1-1: Called Strike
1-2: Ball
2-2: Fly out, F7 (Flyball, 7, EV 93.1 MPH)
Batting: LHB Pedro Nunez 0-0: Swinging Strike
0-1: Ball
1-1: Ball
2-1: Ball
3-1: SINGLE (Line Drive, 34, EV 105.0 MPH)
Pitching: RHP Scott Dwyer
Batting: RHB Gregory Norman 0-0: Foul Ball, location: 2F
0-1: Ball
1-1: Ball
2-1: Ball
3-1: Base on Balls
Pedro Nunez to second
Batting: LHB David Frederick 0-0: Called Strike
0-1: Foul Ball, location: 2F
0-2: Foul Ball, location: 2F
0-2: Ground out U3 (Groundball, 3L, EV 84.4 MPH)
Top of the 8th over - 0 runs, 1 hit, 0 errors, 2 left on base; Tampa 2 - St. Petersburg 6
BOTTOM OF THE 8TH
St. Petersburg Saints batting - Pitching for Tampa Pirates : LHP Mark Riggins
Batting: RHB Dave Clements 0-0: Ball
1-0: Ball
2-0: Ball
3-0: Foul Ball, location: 2F
3-1: Called Strike
3-2: Foul Ball, location: 2F
3-2: Strikes out swinging
Batting: RHB Randy Ingle 0-0: Swinging Strike
0-1: Swinging Strike
0-2: Strikes out looking
Batting: RHB Roberto Alvarez 0-0: SINGLE (Groundball, 6MD, EV 106.3 MPH)
Batting: RHB Francisco Escalera 0-0: Called Strike
0-1: Ball
1-1: Called Strike
1-2: Strikes out looking
Bottom of the 8th over - 0 runs, 1 hit, 0 errors, 1 left on base; Tampa 2 - St. Petersburg 6
TOP OF THE 9TH
Tampa Pirates batting - Pitching for St. Petersburg Saints : RHP Scott Dwyer
Batting: RHB Jason Porter 0-0: Fly out, F8 (Flyball, 8RXD, EV 93.8 MPH)
Batting: LHB Alfredo Rodriguez 0-0: Ball
1-0: SINGLE (Line Drive, 8LS, EV 92.5 MPH)
Batting: RHB Steven Young 0-0: Swinging Strike
0-1: Ball
1-1: SINGLE (Groundball, 6S, EV 66.9 MPH) (infield hit)
Alfredo Rodriguez to second
Batting: RHB Roy Dixon 0-0: Foul Ball, location: 2F
0-1: SINGLE (Line Drive, 7S, EV 111.9 MPH)
Alfredo Rodriguez to third
Steven Young to second
Pitching: RHP Edgardo Santana
Batting: SHB Craig Smajstrla 0-0: Ball
1-0: SINGLE (Groundball, 6MD, EV 85.6 MPH) (infield hit)
Alfredo Rodriguez scores
Steven Young to third
Roy Dixon to second
Batting: RHB Erwin Bryant 0-0: Fielders Choice at 2nd, 5-4 (Groundball, 56, EV 110.0 MPH)
Steven Young scores
Roy Dixon to third
Batting: LHB Pedro Nunez 0-0: Foul Ball, location: 2F
0-1: Called Strike
0-2: Ground out 4-3 (Groundball, 4D, EV 83.1 MPH)
Top of the 9th over - 2 runs, 4 hits, 0 errors, 2 left on base; Tampa 4 - St. Petersburg 6
Friday, August 14th, 2020 - OOTP Baseball 21.5 Build 76